 Dungeon Crawl Stone Soup version 0.18-a0-902-g8738618 (webtiles) character file.

2 Jmtri7 the Charlatan (level 1, -2/15 HPs)
             Began as a Formicid Artificer on Dec 25, 2015.
             Killed from afar by a steam dragon (17 damage)
             ... with a ball of steam
             ... on level 11 of the Dungeon.
             The game lasted 00:01:25 (323 turns).

Jmtri7 the Charlatan (Formicid Artificer)            Turns: 323, Time: 00:01:25

Health: -2/15      AC:  3    Str: 15    XL:     1   Next: 33%
Magic:  3/3        EV: 11    Int: 11    God:
Gold:   7          SH:  0    Dex: 11    Spells: 0 memorised, 0 levels left

rFire  . . .     SeeInvis +     a - +0 short sword
rCold  . . .     Gourm    .     b - +0 leather armour
rNeg   . . .     Faith    .     (no shield)
rPois  .         Spirit   .     (helmet unavailable)
rElec  .         Dismiss  .     (no cloak)
rCorr  .         Reflect  .     (no gloves)
SustAt .         Harm     .     (no boots)
MR     .....                    (no amulet)
Stlth  +.........               (no ring)
                                (no ring)

@: not resistant to hostile enchantments, very unstealthy
A: permanent stasis, dig shafts and tunnels, four strong arms, antennae 3
a: Dig, Shaft Self


You were on level 11 of the Dungeon.
You were hungry.

You visited 1 branch of the dungeon, and saw 7 of its levels.

You collected 7 gold pieces.

Inventory:

Hand Weapons
 a - a +0 short sword (weapon)
Armour
 b - a +0 leather armour (worn)
Wands
 c - a wand of flame (14/48)
 d - a wand of enslavement (12/24)
 e - a wand of random effects (15/48)
 h - a wand of random effects (25/48)
Comestibles
 f - a bread ration
 g - a meat ration


   Skills:
 - Level 1.1 Fighting
 - Level 1.0 Short Blades
 - Level 1.7 Dodging
 - Level 1.2 Stealth
 + Level 3.4 Evocations


You couldn't memorise any spells.
You didn't know any spells.

Dungeon Overview and Level Annotations

Branches:
Dungeon (7/15)
 Temple: D:4-7

Altars:

Shops:
D:10 !


Innate Abilities, Weirdness & Mutations

You are under a permanent stasis effect.
You can dig through walls and to a lower floor.
Your four strong arms can wield two-handed weapons with a shield.
You have a pair of large antennae on your head (SInv).


Message History

Are you sure you want to shaft yourself?
You are feeling hungry.
Your ice beast hits the hill giant.
Your ice beast freezes the hill giant!
The hill giant hits your ice beast with a giant spiked club!!
Your ice beast dies!
You begin to dig a shaft.
You continue digging a shaft.
A shaft appears beneath you!
You fall through a shaft!
The shaft crumbles and collapses.
A steam dragon, an orc priest and an orc wizard come into view.
Found 13 gold pieces.
Zapping:
d - a wand of enslavement (13/24)
Press: ? - help, Shift-Dir - straight line, f - steam dragon
Aim: a steam dragon (resting, chance to defeat MR: 52%)
The steam dragon resists with significant effort.
This wand has 12 charges left.
The steam dragon breathes steam at you. The ball of steam hits you!
Ouch! That really hurt!
You die...

..... ..... ##
#.....
#.###...D..
......§...
##...§§....
#...§...... {
#..@.....oo
#.........##
............##
............#
............#
.............#
$..............
...............


You could see an orc priest and an orc wizard (sleeping).

Vanquished Creatures
  An orc (D:10)
1 creature vanquished.

Vanquished Creatures (others)
  An ice beast (D:10)
1 creature vanquished.

Grand Total: 2 creatures vanquished

Notes
Turn   | Place    | Note
--------------------------------------------------------------
     0 | D:1      | Jmtri7 the Formicid Artificer began the quest for the Orb.
     0 | D:1      | Reached XP level 1. HP: 15/15 MP: 3/3
     3 | D:1      | You fall through a shaft!
     6 | D:2      | You fall through a shaft!
     9 | D:3      | You fall through a shaft!
    45 | D:4      | Noticed a worker ant
    50 | D:4      | You fall through a shaft for 3 floors!
    81 | D:7      | Noticed an orc warrior
    84 | D:7      | You fall through a shaft for 3 floors!
    84 | D:10     | Entered Level 10 of the Dungeon
   289 | D:10     | Found Uliuxir's Distillery.
   306 | D:10     | Noticed an ice beast
   306 | D:10     | Noticed a hill giant
   322 | D:10     | Noticed a phantom
   322 | D:10     | You fall through a shaft!
   322 | D:11     | Noticed a steam dragon
   322 | D:11     | Noticed an orc wizard
   322 | D:11     | Noticed an orc priest
   323 | D:11     | Killed from afar by a steam dragon

Vault maps used:
D:1:      dpeg_arrival_water_fire, hangedman_feature_mirror,
          minmay_strange_pillars, minmay_misc_feat_roman
D:2:      tgw_trog, grunt_qazlal_clouds
D:3:      lemuel_crystal_altar
D:4:      nicolae_overflow_crystal_walls, serial_shops, shop, uniq_edmund
D:7:      temple_pool_b
D:10:     serial_shops, shop, serial_ice, serial_ice_b, serial_ice_o,
          serial_ice_n, serial_ice_c, hangedman_little_slice_of_home
D:11:     david_orc_5

Action                   || total
-------------------------++-------
 Abil: Shaft Self        ||     6
       Dig               ||     1
Evoke: Wand              ||     4
